 Seeded DCSS version 0.27.1-33-g824d729ab1 (webtiles) character file.

Game seed: 12500786641603523225 (custom seed)

55965 voltaire321 the Martial Artist (level 14, -7/118 HPs)
             Began as an Octopode Transmuter on Dec 8, 2021.
             Was a High Priest of Wu Jian.
             Mangled by a cane toad (16 damage)
             ... on level 6 of the Lair of Beasts.
             The game lasted 01:04:10 (21791 turns).

voltaire321 the Martial Artist (OpTm)              Turns: 21791, Time: 01:04:10

Health: -7/118     AC: 15    Str: 11    XL:     14   Next: 79%
Magic:  37/37      EV: 18    Int: 15    God:    Wu Jian [*****.]
Gold:   652        SH:  5    Dex: 24    Spells: 16/33 levels left

rFire    x . .     SeeInvis .     - Unarmed
rCold    + + +     Faith    .   (shield currently unavailable)
rNeg     + + .     Spirit   .   (helmet currently unavailable)
rPois    +         Reflect  +   j - amulet of reflection
rElec    .         Harm     .   F - +6 ring of dexterity
rCorr    .         Rampage  .   p - ring of positive energy
Will     +....                  s - +4 ring of protection
Stlth    ++........             t - ring of protection from cold
HPRegen  0.29/turn              x - ring of magical power
MPRegen  0.25/turn              e - ring of wizardry
                                G - +4 ring of protection
                                h - ring of Jipnipt {+Blink rPois rN+ Str+2}

@: ice-form (expiring)
A: freezing attack, boosted hp, almost no armour, amphibious, 8 rings, large,
(camouflage 1), (gelatinous body 1), (nimble swimmer 1), (tentacles)
a: End Transformation, Renounce Religion, Evoke Blink, Wall Jump, Serpent's
Lash, Heavenly Storm


You were on level 6 of the Lair of Beasts.
You worshipped Wu Jian.
Wu Jian was extremely pleased with you.
You were a creature of crystalline ice.
You visited 3 branches of the dungeon, and saw 17 of its levels.
You also visited: Sewer and Ice Cave.

You collected 1118 gold pieces.
You spent 466 gold pieces at shops.

Inventory:

Hand Weapons
 c - the +1 long sword of Causality {vorpal, rC+ Will+ Dex+3}
   (You found it on level 10 of the Dungeon)

   It inflicts extra damage upon your enemies.
   Dex:       It affects your dexterity (+3).
   rC:        It protects you from cold.
   Will:      It increases your willpower.
 i - a +7 dagger of electrocution (melded)
Missiles
 w - a throwing net
Armour
 n - a +0 buckler (melded)
Jewellery
 e - a ring of wizardry (on tentacle)
 f - a ring of positive energy
 h - the ring of Jipnipt (on tentacle) {+Blink rPois rN+ Str+2}
   (You bought it in a shop on level 8 of the Dungeon)

   [ring of poison resistance]

   Str:       It affects your strength (+2).
   rPois:     It protects you from poison.
   rN:        It protects you from negative energy.
   +Blink:    It lets you blink.
 j - an amulet of reflection (around neck)
 p - a ring of positive energy (right front paw)
 s - a +4 ring of protection (on tentacle)
 t - a ring of protection from cold (on tentacle)
 x - a ring of magical power (on tentacle)
 E - a ring of wizardry
 F - a +6 ring of dexterity (left front paw)
 G - a +4 ring of protection (on tentacle)
Wands
 l - a wand of digging (4)
 u - a wand of iceblast (16)
 y - a wand of charming (8)
 D - a wand of polymorph (5)
 I - a wand of paralysis (14)
Scrolls
 a - 6 scrolls of enchant armour
 b - 10 scrolls of teleportation
 g - 4 scrolls of magic mapping
 k - a scroll of summoning {unknown}
 r - 3 scrolls of blinking
 H - 2 scrolls of fear
 K - 2 scrolls of amnesia
Potions
 d - 3 potions of might
 m - 2 potions of ambrosia
 o - 2 potions of brilliance
 q - 11 potions of curing
 v - a potion of heal wounds
 z - 3 potions of cancellation
 A - 2 potions of invisibility
 B - 2 potions of haste
 C - 3 potions of resistance
 J - a potion of magic {unknown}


   Skills:
 + Level 10.9 Fighting
 + Level 10.9 Dodging
 - Level 4.0 Shields
 + Level 11.2 Unarmed Combat
 + Level 10.0 Spellcasting
 + Level 11.0 Transmutations
 - Level 8.0 Air Magic
 - Level 8.0 Poison Magic


You had 16 spell levels left.
You knew the following spells:

 Your Spells              Type           Power      Damage    Failure   Level
a - Blink                 Tloc           N/A        N/A       6%          2
b - Wereblood             Tmut           40%        N/A       1%          2
c - Poisonous Vapours     Pois/Air       62%        N/A       1%          2
d - Spider Form           Tmut/Pois      18%        N/A       1%          3
e - Ice Form              Ice/Tmut       24%        N/A       4%          4
f - Olgreb's Toxic Radia  Pois           31%        N/A       1%          4

Your spell library contained the following spells:

 Spells                   Type           Power      Damage    Failure   Level
 Beastly Appendage        Tmut           80%        N/A       1%          1
 Sting                    Tmut/Pois      100%       1d8       1%          1
 Corpse Rot               Necr/Air       N/A        N/A       1%          2
 Passwall                 Tmut/Erth      20%        N/A       1%          2
 Swiftness                Air            31%        N/A       1%          3
 Pain                     Necr           28%        1d5       4%          1
 Gell's Gravitas          Tloc           3%         N/A       12%         3
 Inner Flame              Hex/Fire       7%         N/A       12%         3
 Lesser Beckoning         Tloc           3%         N/A       12%         3
 Teleport Other           Tloc           7%         N/A       12%         3
 Tukima's Dance           Hex            7%         N/A       12%         3
 Yara's Violent Unravell  Hex/Tmut       12%        3d7       12%         5
 Freezing Cloud           Conj/Ice/Air   7%         6-21      32%         5
 Cause Fear               Hex            3%         N/A       34%         4
 Leda's Liquefaction      Hex/Erth       3%         N/A       34%         4
 Passage of Golubria      Tloc           N/A        N/A       34%         4
 Statue Form              Tmut/Erth      16%        N/A       50%         6
 Storm Form               Tmut/Air       18%        N/A       52%         7
 Agony                    Necr           7%         N/A       69%         5
 Bolt of Magma            Conj/Fire/Erth 3%         4d5       69%         5
 Excruciating Wounds      Necr           3%         N/A       69%         5
 Manifold Assault         Tloc           7%         N/A       69%         5
 Invisibility             Hex            3%         N/A       99%         6
 Discord                  Hex            3%         N/A       100%        8


Dungeon Overview and Level Annotations

Branches:
Dungeon (10/15)            Temple (1/1) D:5            Lair (6/6) D:8
  Swamp (0/4) Lair:3       Spider (0/4) Lair:4        Slime (0/5) Lair:5
  Sewer (visited)           IceCv (visited)
    Orc: D:9-12

Altars:
Ashenzari
Cheibriados
Dithmenos
Elyvilon
Fedhas
Gozag
Hepliaklqana
Kikubaaqudgha
Makhleb
Nemelex Xobeh
Okawaru
Qazlal
Ru
Sif Muna
Trog
Uskayaw
Vehumet
Wu Jian
Xom
Yredelemnul
Zin
The Shining One
Jiyva

Shops:
D:5 (   D:7 *   D:8 =


Innate Abilities, Weirdness & Mutations

You are a creature of crystalline ice.
You have a powerful freezing melee attack.
Your maximum health is increased.
Your armour is entirely melded.
You are incapable of wielding weapons or throwing items.
You cannot wear most types of armour.
You are amphibious.
You can wear up to eight rings at the same time.
((Your skin changes colour to match your surroundings (Stealth+).))
((Your rubbery body absorbs attacks. (AC +1, EV +1)))
((You are camouflaged near water. (Stealth+)))
((You have tentacles for arms and can constrict up to eight enemies at once.))


Message History

You spin and attack the cane toad repeatedly.
You punch the cane toad! You freeze the cane toad.
The cane toad is heavily wounded.
You hit the cane toad but do no damage.
The cane toad is heavily wounded.
You spin and attack the cane toad.
You punch the cane toad!
The cane toad seems to slow down.
You freeze the cane toad.
The cane toad is heavily wounded.
Your transformation is almost over.
The cane toad stings you!
* * * LOW HITPOINT WARNING * * *
The blink frog barely misses you.
The cane toad stings you but does no damage.
You spin and attack the cane toad repeatedly.
You hit the cane toad. You freeze the cane toad.
The cane toad is heavily wounded.
You punch the cane toad!
The cane toad seems to slow down.
You freeze the cane toad.
The cane toad is almost dead.
You spin and attack the vampire mosquito.
You barely miss the vampire mosquito.
The vampire mosquito is lightly damaged.
The vampire mosquito bites you.
* * * LOW HITPOINT WARNING * * *
The vampire mosquito draws strength from your injuries!
The vampire mosquito bites you but does no damage.
The vampire mosquito bites you!
* * * LOW HITPOINT WARNING * * *
The vampire mosquito draws strength from your injuries!
You spin and attack the cane toad.
You punch the cane toad! You freeze the cane toad.
The cane toad is severely wounded.
The vampire mosquito closely misses you.
The cane toad closely misses you.
There is a stone staircase leading up here.
The vampire mosquito barely misses you.
The blink frog blinks!
The cane toad stings you.
* * * LOW HITPOINT WARNING * * *
The cane toad stings you!
You die...

#.......## .≈...
#.†.#....# ≈....
#.<.# .## .≈≈...
#.†Y###.P# ≈.P...
###†.#...##
≈.....###.#+.†..P.#
≈.≈≈........†.....#
≈......YFYY......##
≈≈.....YyY......#.#
≈≈.≈....F!.[.....##
≈≈....F.........##
≈≈≈..........$..P#
≈≈≈.............P#
≈≈.#...........P##
≈≈.#............#
≈. #............#


You could see 3 elephants, a yak, 2 cane toads, a blink frog and a vampire
mosquito.

Vanquished Creatures
  A frost giant (IceCv)
  7 hydras
  A rakshasa (D:9)
  A centaur warrior (D:9)
  2 two-headed ogres
  13 death yaks
  Pikel (D:6)
  An ugly thing (IceCv)
  25 elephants
  Joseph (D:7)
  3 black mambas
  An ice statue (IceCv)
  5 centaur zombies
  8 cane toads
  11 rime drakes
  A kobold demonologist (D:8)
  4 komodo dragons
  2 trolls
  7 polar bears
  Grinder (D:4)
  A hornet (D:8)
  11 blink frogs
  31 yaks
  2 wraiths
  2 wyverns
  A basilisk (Lair:3)
  A steam dragon (D:9)
  A death yak simulacrum (Lair:3)
  A vampire mosquito (Lair:6)
  3 swamp worms (Lair:2)
  6 water moccasins
  2 black bears
  An orc warrior (D:7)
  19 wolves
  3 ice beasts
  A necrophage (D:5)
  A lemure (D:6)
  2 ogres (D:5)
  3 centaurs
  4 kobold brigands
  16 bullfrogs
  A gnoll sergeant (D:8)
  3 scorpions
  A water moccasin zombie (D:5)
  A wyvern skeleton (D:5)
  A water moccasin skeleton (D:5)
  A killer bee (D:7)
  5 wights (D:10)
  4 howler monkeys
  4 hounds
  6 jellies
  2 orc priests
  3 gnoll shamans
  3 centaur skeletons (D:7)
  Jessica (D:2)
  4 bullfrog skeletons
  Natasha (twice) (D:2)
  4 orc wizards
  An iguana (D:7)
  Robin (D:4)
  15 gnolls
  10 adders
  4 shadow imps
  4 white imps
  An ufetubus (D:7)
  2 worms
  19 orcs
  5 bats
  9 endoplasms
  9 giant cockroaches
  15 goblins
  8 hobgoblins
  4 quokkas
  12 ball pythons
  2 frilled lizards
  A goblin skeleton (D:6)
  2 goblin zombies (D:6)
  2 hobgoblin zombies (D:6)
  23 kobolds
  2 kobold skeletons (D:6)
  A kobold zombie (D:6)
  An orc skeleton (D:6)
  5 rats
412 creatures vanquished.

Vanquished Creatures (others)
  19 fungi
  34 plants
53 creatures vanquished.

Grand Total: 465 creatures vanquished

Notes
Turn   | Place    | Note
-------+----------+-------------------------------------------
     0 | D:1      | voltaire321 the Octopode Transmuter began the quest for the
                  | Orb.
     0 | D:1      | Reached XP level 1. HP: 13/13 MP: 3/3
   321 | D:1      | Reached XP level 2. HP: 18/18 MP: 3/5
   356 | D:1      | Learned a level 2 spell: Wereblood
  1040 | D:2      | Noticed Natasha
  1379 | D:2      | Reached XP level 3. HP: 16/23 MP: 6/6
  1866 | D:2      | Reached XP level 4. HP: 25/29 MP: 7/7
  2024 | D:2      | Found a faded altar of an unknown god.
  2509 | D:2      | Noticed Jessica
  2516 | D:2      | Killed Jessica
  2611 | D:2      | Killed Natasha
  2612 | D:2      | Reached XP level 5. HP: 34/34 MP: 6/9
  2811 | D:2      | Noticed Natasha
  2842 | D:2      | Killed Natasha
  3212 | D:3      | Learned a level 2 spell: Poisonous Vapours
  3216 | D:3      | Learned a level 3 spell: Spider Form
  3934 | D:4      | Reached skill level 5 in Fighting
  3934 | D:4      | Reached skill level 5 in Dodging
  3934 | D:4      | Reached skill level 5 in Unarmed Combat
  3934 | D:4      | Reached skill level 5 in Transmutations
  3934 | D:4      | Reached skill level 5 in Poison Magic
  3934 | D:4      | Reached XP level 6. HP: 45/45 MP: 9/13
  3970 | D:4      | Learned a level 4 spell: Ice Form
  4009 | D:4      | Reached skill level 5 in Spellcasting
  4231 | D:4      | Reached XP level 7. HP: 40/50 MP: 12/14
  4325 | D:4      | Noticed Grinder
  4421 | D:4      | Noticed Robin
  4430 | D:4      | Killed Robin
  4868 | D:4      | Reached skill level 5 in Air Magic
  4868 | D:4      | Reached XP level 8. HP: 58/58 MP: 14/17
  5711 | D:4      | Paralysed by Grinder for 2 turns
  5721 | D:4      | Killed Grinder
  5869 | D:5      | Entered Level 5 of the Dungeon
  5876 | D:5      | Found Ziraydd's Antique Weapon Shop.
  6392 | D:5      | Found a staircase to the Ecumenical Temple.
  6409 | Temple   | Entered the Ecumenical Temple
  6534 | Temple   | Became a worshipper of the Wu Jian Council
  7122 | D:5      | Noticed a yak
  7136 | D:5      | Killed a yak
  7137 | D:5      | Reached XP level 9. HP: 61/63 MP: 7/18
  7455 | D:6      | Reached * piety under Wu Jian
  7573 | D:6      | Noticed Pikel
  7597 | D:6      | Killed Pikel
  7724 | D:6      | Found a glowing drain.
  7749 | Sewer    | Entered a sewer
  8002 | Sewer    | Reached ** piety under Wu Jian
  8069 | D:6      | Found a glowing golden altar of the Shining One.
  8317 | D:7      | Reached XP level 10. HP: 69/69 MP: 19/19
  8501 | D:7      | Noticed Joseph
  8532 | D:7      | Killed Joseph
  8774 | D:7      | Found Resitagokao's Retail Resort.
  9343 | D:7      | Found an ornate altar of the Wu Jian Council.
  9360 | D:7      | Reached *** piety under Wu Jian
  9642 | D:7      | Learned a level 2 spell: Blink
  9642 | D:7      | Reached XP level 11. HP: 77/77 MP: 22/22
  9669 | D:8      | Noticed a two-headed ogre
  9681 | D:8      | Killed a two-headed ogre
 10238 | D:8      | Found Tarrag's Jewellery Shoppe.
 10406 | D:8      | Found a staircase to the Lair.
 10442 | D:8      | Paralysed by a hornet for 1 turns
 11395 | D:9      | Reached **** piety under Wu Jian
 11598 | D:9      | Noticed a rakshasa
 11612 | D:9      | Killed a rakshasa
 11613 | D:9      | Reached XP level 12. HP: 64/84 MP: 23/23
 11629 | D:9      | Noticed a centaur warrior
 11644 | D:9      | Killed a centaur warrior
 12477 | D:10     | Entered Level 10 of the Dungeon
 12713 | D:10     | Noticed a two-headed ogre
 12730 | D:10     | Killed a two-headed ogre
 13142 | D:10     | Identified the +1 long sword of Causality {vorpal, rC+
                  | Will+ Dex+3}
 13590 | D:8      | Bought the ring of Jipnipt {+Blink rPois rN+ Str+2} for 466
                  | gold pieces
 13604 | Lair:1   | Entered Level 1 of the Lair of Beasts
 14127 | Lair:1   | Noticed a seven-headed hydra
 14140 | Lair:1   | Killed a seven-headed hydra
 14254 | Lair:1   | Reached skill level 1 in Shields
 14360 | Lair:1   | Noticed a four-headed hydra
 14372 | Lair:1   | Killed a four-headed hydra
 15020 | Lair:2   | Reached ***** piety under Wu Jian
 15149 | Lair:2   | Reached XP level 13. HP: 67/90 MP: 25/25
 16008 | Lair:3   | Found a frozen archway.
 16022 | IceCv    | Entered an ice cave
 16513 | IceCv    | Noticed a frost giant
 16540 | IceCv    | Killed a frost giant
 16850 | IceCv    | Reached skill level 10 in Unarmed Combat
 17176 | IceCv    | Reached skill level 10 in Transmutations
 17522 | Lair:3   | Reached skill level 10 in Dodging
 17546 | Lair:3   | Found a staircase to the Swamp.
 18001 | Lair:3   | Reached skill level 10 in Fighting
 18260 | Lair:3   | Identified the +5 chain mail of Marbles {Harm +Blink Int+4
                  | Dex-5}
 18594 | Lair:4   | Reached XP level 14. HP: 93/99 MP: 27/27
 19089 | Lair:4   | Found a hole to the Spider Nest.
 20828 | Lair:5   | Reached skill level 10 in Spellcasting
 21191 | Lair:5   | Found a staircase to the Slime Pits.
 21191 | Lair:5   | Found a viscous altar of Jiyva.
 21502 | Lair:5   | Learned a level 4 spell: Olgreb's Toxic Radiance
 21698 | Lair:6   | Entered Level 6 of the Lair of Beasts
 21791 | Lair:6   | Mangled by a cane toad

Illustrated notes

Levels and vault maps discovered:
D:1:      nicolae_arrival_memento_mori, layout_rooms,
          chequers_serial_rivers_micro_c
D:2:      layout_loops_corners, hellmonk_ecumenical_altar_leap_of_faith,
          serial_bayou_pond_e, grunt_ministairs_2, minmay_tetromino_s4,
          uniq_jessica, uniq_natasha
D:3:      layout_rooms, serial_glass, glass_columns_c, glass_columns_b,
          glass_columns_a, glass_columns_a, glass_columns_c, glass_columns_c,
          due_unseen_surprise
D:4:      layout_basic, chequers_serial_rivers_large_b, uniq_robin, uniq_grinder
D:5:      layout_loops_ring, minmay_temple_entry_glass, serial_shops,
          shop_fountains, minmay_divided_ellipse
D:6:      layout_rooms, nicolae_tso_besieged_by_evil, portal_sewer_entry_f,
          uniq_pikel
D:7:      layout_cave_pods, nrook_pool_corridor, nicolae_alphabet_shops,
          minmay_ruined_shrine, uniq_joseph
D:8:      layout_basic, lair_entry_dummy, serial_shops, nicolae_shop_crystal
D:9:      minmay_cornered_nines, layout_stronghold, kennysheep_path_1
D:10:     layout_cave_pods, chequers_serial_rivers_room_a
Temple:   minmay_crystal_snake_temple
Lair:1:   layout_long_grid
Lair:2:   layout_cave_pods, worms_lemuel
Lair:3:   layout_gridlike, swamp_mist, portal_ice_cave_entry_ice_simulacra
Lair:4:   layout_small_grid, dummy_spider_entry, grunt_megastairs_3
Lair:5:   layout_roguey, slime_altar_1, st_stairs_10
Lair:6:   minmay_lair_end_frog_pond, layout_regular_city,
          ebering_ghost_funeral_grove

Skill      XL: |  1  2  3  4  5  6  7  8  9 10 11 12 13 14 |
---------------+-------------------------------------------+-----
Fighting       | 2 5 6 8 9 10 | 10.9
Transmutations | 5 6 7 8 9 10 11 | 11.0
Dodging        | 5 6 7 8 9 10 | 10.9
Unarmed Combat | 5 7 8 9 10 11 | 11.2
Spellcasting   | 4 5 6 7 8 9 10 | 10.0
Air Magic      | 4 5 6 7 8 |  8.0
Poison Magic   | 5 6 7 8 |  8.0
Shields        | 1 4 |  4.0

Action                   |  1- 3 |  4- 6 |  7- 9 | 10-12 | 13-15 || total
-------------------------+-------+-------+-------+-------+-------++-------
Melee: Unarmed           |    28 |       |   250 |   532 |   709 ||  1519
       Constrict         |    20 |    26 |    10 |    12 |       ||    68
       Kick              |     7 |    22 |       |       |       ||    29
       Tentacles         |    11 |    18 |    13 |    16 |     9 ||    67
       Dagger            |    34 |   100 |    38 |    58 |    21 ||   251
       Punch             |     2 |     3 |     5 |     8 |     3 ||    21
 Cast: Beastly Appendage |    13 |    22 |       |       |       ||    35
       Poisonous Vapours |       |     3 |    33 |     1 |    11 ||    48
       Spider Form       |       |       |    22 |    26 |    21 ||    69
       Blink             |       |       |       |     2 |     1 ||     3
       Ice Form          |       |       |       |    12 |    21 ||    33
       Wereblood         |       |       |       |       |     1 ||     1
Invok: Lunge             |       |       |    14 |    31 |    14 ||    59
       Whirlwind         |       |       |    19 |   130 |   150 ||   299
Evoke: Wand              |       |       |     1 |       |       ||     1
  Use: Scroll            |       |     8 |     4 |    10 |     6 ||    28
       Potion            |       |     1 |     1 |     2 |     3 ||     7
 Stab: Sleeping          |     4 |     5 |     4 |     3 |     4 ||    20
       Distracted        |       |       |       |     1 |       ||     1
Armor: Skin              |     8 |     2 |    14 |    70 |   192 ||   286
Dodge: Dodged            |    50 |    54 |   198 |   512 |   585 ||  1399
Block: Other             |       |       |       |    28 |   124 ||   152
       Buckler           |       |       |       |     3 |    21 ||    24
